 Dungeon Crawl Stone Soup version 0.17.1-1-g73c8601 (webtiles) character file.

763 Ponchio the Conjurer (level 7, -8/36 HPs)
             Began as a Deep Elf Fire Elementalist on Dec 23, 2015.
             Was an Initiate of Vehumet.
             Killed by divine providence
             ... invoked by an orc priest
              (15 damage)
             ... on level 6 of the Dungeon.
             The game lasted 00:43:59 (6308 turns).

Ponchio the Conjurer (Deep Elf Fire Elementalist)   Turns: 6308, Time: 00:43:59

Health: -8/36      AC:  9    Str:  5    XL:     7   Next: 51%
Magic:  7/13       EV: 13    Int: 22    God:    Vehumet [......]
Gold:   202        SH:  0    Dex: 18    Spells: 1 memorised, 11 levels left

rFire  . . .     SeeInvis .     p - +1 spear of Valour {speed, Dex+3}
rCold  . . .     Clarity  .     a - +0 robe
rNeg   . . .     SustAt   .     (no shield)
rPois  .         Gourm    .     u - +2 helmet
rElec  .         Spirit   .     l - +0 cloak
rCorr  .         Warding  .     (no gloves)
rMut   .         Stasis   .     s - +2 pair of boots
MR     .....                    (no amulet)
Stlth  ++........               (no ring)
                                q - ring of flight

@: not resistant to hostile enchantments, unstealthy
A: no striking features
a: Renounce Religion, Evoke Flight


You were on level 6 of the Dungeon.
You worshipped Vehumet.
Vehumet was noncommittal.
You were not hungry.

You visited 2 branches of the dungeon, and saw 7 of its levels.

You collected 202 gold pieces.

Inventory:

Hand Weapons
 g - a +0 dagger
 k - a +1 dagger of venom
 p - the +1 spear of Valour (weapon) {speed, Dex+3}
   (You found it on level 4 of the Dungeon)

   Attacks with this weapon are significantly faster.
   It affects your dexterity (+3).
Missiles
 t - 2 javelins (quivered)
Armour
 a - a +0 robe (worn)
 l - a +0 cloak (worn)
 s - a +2 pair of boots (worn)
 u - a +2 helmet (worn)
Jewellery
 q - a ring of flight (left hand)
Scrolls
 e - 2 scrolls of recharging
 f - a scroll of teleportation
 i - a scroll of fog
 m - 2 scrolls of remove curse
Potions
 j - 2 potions of mutation
 n - a potion of might
 o - a potion of curing
 r - a potion of brilliance
 v - a potion of berserk rage
 w - a potion of cure mutation {unknown}
Books
 b - a book of Flames

   Spells                             Type                      Level
   a - Flame Tongue                   Conjuration/Fire             1
   b - Throw Flame                    Conjuration/Fire             2
   c - Conjure Flame                  Conjuration/Fire             3
   d - Inner Flame                    Hexes/Fire                   3
   e - Sticky Flame                   Conjuration/Fire             4
   f - Fireball                       Conjuration/Fire             5
Comestibles
 c - 4 bread rations
 d - 6 meat rations


   Skills:
 - Level 2.4 Dodging
 - Level 2.4 Stealth
 - Level 3.0 Spellcasting
 + Level 7.1 Conjurations
 + Level 6.7 Fire Magic


You had 11 spell levels left.
You knew the following spells:

 Your Spells              Type           Power        Failure   Level  Hunger
a - Flame Tongue          Conj/Fire      ####.        1%          1    None


Dungeon Overview and Level Annotations

Branches:
Dungeon (6/15)             Temple (1/1) D:5

Altars:
Ashenzari
Cheibriados
Elyvilon
Fedhas
Gozag
Nemelex Xobeh
Ru
Sif Muna
Vehumet
Yredelemnul
Zin
The Shining One


Message History

The orc priest calls down the wrath of Beogh upon you.
Something smites you! The centaur barely misses you.
The orc wizard mumbles some strange words.
The orc wizard flickers and vanishes!
Deactivating autopickup; reactivate with Ctrl-A.
Unknown command.
Read which item? (? for menu, Esc to quit)
As you read the scroll of teleportation, it crumbles to dust.
You feel strangely unstable. The centaur closely misses you.
The centaur hits you.
The orc priest miscasts a cantrip.
There is an open door here.
The centaur wields an uncursed shortbow.
The centaur shoots an arrow.
The arrow barely misses you.
Your surroundings seem slightly different.
The centaur shoots an arrow.
The arrow hits you!
* * * LOW HITPOINT WARNING * * *
The orc priest mumbles some strange prayers to Beogh against you.
Something smites you!
You die...

# .# ..+
#.########## ...#
#..........###o...#
#.......@..'coo...+
#.........###....#
#........ยง# ...#
#...(.....# ..#
##.........# .#
...........### #
#............#
#.#######....#
#....#


You could see a centaur, an orc priest, an orc wizard and an orc.

Vanquished Creatures
  An ogre (D:4)
  2 crimson imps
  3 orc priests
  A hound (D:5)
  A giant frog zombie (D:5)
  2 iguanas
  3 orc wizards
  4 worker ants
  8 adders
  2 oozes
  3 adder zombies (D:5)
  An adder skeleton (D:4)
  5 worms
  6 giant geckos
  15 orcs
  9 giant cockroaches
  13 hobgoblins
  4 jackals
  7 kobolds
  2 quokkas
  A ball python (D:3)
  6 bats
  3 giant newts
  10 goblins
  6 rats
  A plant (D:5)
119 creatures vanquished.

Notes
Turn   | Place    | Note
--------------------------------------------------------------
     0 | D:1      | Ponchio the Deep Elf Fire Elementalist began the quest for the Orb.
     0 | D:1      | Reached XP level 1. HP: 10/10 MP: 6/6
   332 | D:1      | Reached XP level 2. HP: 15/15 MP: 6/8
  1293 | D:1      | Reached XP level 3. HP: 19/19 MP: 7/9
  1666 | D:2      | Reached skill level 4 in Fire Magic
  1808 | D:2      | Found a basalt altar of Yredelemnul.
  1822 | D:2      | Found a glowing golden altar of the Shining One.
  1824 | D:2      | Noticed an angel
  1931 | D:2      | Reached XP level 4. HP: 24/24 MP: 8/10
  2634 | D:2      | Found a sparkling altar of Nemelex Xobeh.
  2833 | D:3      | Reached XP level 5. HP: 23/28 MP: 0/11
  3294 | D:3      | Reached skill level 5 in Conjurations
  3294 | D:3      | Reached skill level 5 in Fire Magic
  3612 | D:4      | Found a white marble altar of Elyvilon.
  3894 | D:4      | Reached XP level 6. HP: 32/32 MP: 9/12
  3952 | D:4      | Got a polished spear
  3953 | D:4      | Identified the +1 spear of Valour {speed, Dex+3} (You found it on level 4 of the Dungeon)
  4132 | D:4      | Noticed an ogre
  4161 | D:4      | Killed an ogre
  4395 | D:4      | Reached skill level 6 in Fire Magic
  4514 | D:5      | Entered Level 5 of the Dungeon
  4708 | D:5      | Found a shattered altar of Ashenzari.
  4775 | D:5      | Found a sacrificial altar of Ru.
  5003 | D:5      | Reached XP level 7. HP: 32/36 MP: 6/13
  5296 | D:5      | Found a staircase to the Ecumenical Temple.
  5307 | Temple   | Entered the Ecumenical Temple
  5326 | Temple   | Became a worshipper of Vehumet
  5987 | D:5      | Found a glowing silver altar of Zin.
  5988 | D:5      | Noticed an angel
  6278 | D:6      | Reached skill level 7 in Conjurations
  6308 | D:6      | Killed from afar by an orc priest

Action                   |  1- 3 |  4- 6 |  7- 9 || total
-------------------------+-------+-------+-------++-------
Melee: Dagger            |     5 |     6 |       ||    11
       Spear             |       |    32 |   203 ||   235
Throw: Javelin           |    11 |    14 |    10 ||    35
 Cast: Flame Tongue      |    61 |   126 |    39 ||   226
  Use: Scroll            |       |    16 |     3 ||    19
       Potion            |       |     1 |       ||     1
 Stab: Sleeping          |     3 |       |       ||     3
       Distracted        |     1 |       |       ||     1
  Eat: Chunk             |     3 |     9 |     5 ||    17
